 Dungeon Crawl Stone Soup version 0.32-a0-558-g233958a4c4 (webtiles) character file.

Game seed: 10653225359748838946

2328 petercordia3 the Fighter (level 9, -13/73 (84) HPs)
             Began as a White Draconian Artificer on Feb 29, 2024.
             Was a Believer of Trog.
             Mangled by a wight
             ... wielding a +4 scimitar
              (16 damage)
             ... on level 7 of the Dungeon.
             The game lasted 00:17:11 (7223 turns).

petercordia3 the Fighter (DrAr)                     Turns: 7223, Time: 00:17:14

HP:   -13/73 (84)   AC: 11    Str: 19    XL:     9   Next: 19%
MP:   9/9           EV: 13    Int: 10    God:    Trog [**....]
Gold: 289           SH:  0    Dex: 13    Spells: 8/8 levels left

rFire   . . .        L - +7 long sword "Tyxal" {venom, Fly Will++ Str+2 Int-2}
rCold   + . .        (no shield)
rNeg    . . .        (body armour unavailable)
rPois   .            (helmet restricted)
rElec   .            J - +1 cloak
rCorr   .            j - +0 pair of gloves
SInv    .            h - +0 pair of boots
Will    ++...        y - amulet of magic regeneration
Stlth   +++          (no ring)
HPRegen 0.32/turn    (no ring)
MPRegen 0.51/turn

%: no passive effects
@: flying, heavily drained
A: glacial breath, AC +7, unfitting armour, cold resistance 1, cold-blooded
a: Glacial Breath, Renounce Religion, Berserk, Trog's Hand


You were on level 7 of the Dungeon.
You worshipped Trog.
Trog was pleased with you.
You visited 1 branch of the dungeon, and saw 7 of its levels.

You collected 403 gold pieces.
You spent 114 gold pieces at shops.

Inventory:

Hand Weapons
 a - a +2 dagger of venom
 b - a +5 dagger
 g - a +0 short sword
 t - a +0 sling
 L - the +7 long sword "Tyxal" (weapon) {venom, Fly Will++ Str+2 Int-2}
   (You found it on level 6 of the Dungeon)

   Str+2:     It affects your strength (+2).
   Int-2:     It affects your intelligence (-2).
   Will++:    It greatly increases your willpower.
   Fly:       It grants you flight.
Missiles
 e - 77 stones
 M - 8 poisoned darts
Armour
 h - a +0 pair of boots (worn)
 j - a +0 pair of gloves (worn)
 J - a +1 cloak (worn)
Jewellery
 l - a ring of ice
 y - an amulet of magic regeneration (around neck)
 E - a ring of ice
Talismans
 f - a dragon-blood talisman
Wands
 c - a wand of charming (8)
 d - a wand of iceblast (5)
 m - a wand of flame (13) (quivered)
 H - a wand of polymorph (9)
Scrolls
 i - 2 scrolls of enchant armour {unknown}
 k - 5 scrolls of identify
 n - 2 scrolls of fear {unknown}
 o - a scroll of fog {unknown}
 u - a scroll of amnesia {unknown}
 v - 2 scrolls of blinking
 w - 2 scrolls of torment {unknown}
 x - a scroll of enchant weapon {unknown}
 z - a scroll of noise {unknown}
 A - a scroll of revelation {unknown}
 B - a scroll of vulnerability {unknown}
 C - 2 scrolls of teleportation {unknown}
 G - a scroll of butterflies {unknown}
 K - a scroll of brand weapon {unknown}
Potions
 p - a potion of berserk rage {unknown}
 q - a potion of magic {unknown}
 r - 5 potions of might {unknown}
 s - a potion of mutation {unknown}
 D - a potion of brilliance {unknown}
 F - a potion of attraction {unknown}
 I - a potion of curing {unknown}
 N - a potion of heal wounds {unknown}


   Skills:
 * Level 9.4 Fighting
 + Level 5.0 Dodging
 + Level 5.1 Stealth
 + Level 5.8 Evocations


You had 8 spell levels left.
You didn't know any spells.
Your spell library contained the following spells:

 Spells                   Type           Power      Damage    Failure   Level
 Dazzling Flash           Conj/Hex       0%         N/A       75%         3
 Gell's Gravitas          Tloc           0%         N/A       75%         3
 Hailstorm                Conj/Ice       0%         3d5       75%         3
 Mephitic Cloud           Conj/Alch/Air  0%         N/A       75%         3
 Summon Ice Beast         Ice/Summ       0%         N/A       75%         3
 Teleport Other           Tloc           0%         N/A       75%         3
 Ignite Poison            Fire/Alch      0%         N/A       98%         4
 Sticky Flame             Fire/Alch      0%         2d4       98%         4
 Curse of Agony           Necr           0%         N/A       100%        5
 Silence                  Hex/Air        0%         N/A       100%        5
 Dispersal                Tloc           0%         N/A       100%        6
 Sculpt Simulacrum        Ice/Alch       0%         N/A       100%        6
 Ignition                 Fire           0%         3d3       100%        8


Dungeon Overview and Level Annotations

Branches:
Dungeon (7/15)             Temple (0/1) D:7

Altars:
Ashenzari
Dithmenos
Kikubaaqudgha
Qazlal
Ru
Sif Muna
Trog
Uskayaw
Wu Jian
Xom

Shops:
D:3 ?


Innate Abilities, Weirdness & Mutations

You can breathe waves of cold which freeze foes solid.
Your icy white scales are hard. (AC +7)
You cannot fit into any form of body armour.
Your flesh is cold resistant. (rC+)
You are cold-blooded and may be slowed by cold attacks.


Message History

You barely miss the wight.
You tail-slap the wight, but do no damage.
The wight hits you with a +4 scimitar.
You feel drained. The wight misses you.
You barely miss the wight. You tail-slap the wight.
The wight is lightly damaged.
The wight hits you with a +4 scimitar. The wight hits you with a +0 flail.
You hit the wight.
The wight is heavily damaged.
The wight hits you but does no damage. x3
The wight hits you with a +4 scimitar!
You feel drained.
You are too injured to fight recklessly!
You are too injured to fight recklessly!
Unknown command.
You closely miss the wight. You tail-slap the wight.
The wight is severely damaged.
The wight hits you with a +4 scimitar!
You feel drained.
* * * LOW HITPOINT WARNING * * *
The wight hits you but does no damage.
You slash the wight!
You destroy the wight!
Trog accepts your kill. The wight hits you with a +4 scimitar!
* * * LOW HITPOINT WARNING * * *
You feel drained.
* * * LOW HITPOINT WARNING * * *
The wight hits you with a +4 scimitar!
* * * LOW HITPOINT WARNING * * *
You feel power welling in your lungs.
Aiming: Charm
Press: ? - help, Shift-Dir - straight line, f - wight
Aim: a wight, wielding a +4 scimitar and wearing a +0 robe (chance to affect: 63%)
The wight resists with significant effort.
The wight barely misses you.
Unknown command.
Aiming: Charm
Press: ? - help, Shift-Dir - straight line, f/p - wight
Aim: a wight, wielding a +4 scimitar and wearing a +0 robe (chance to affect: 63%)
The wight resists with significant effort.
The wight hits you with a +4 scimitar!
You die...

#.........#.# #....# #
.......[#.# #....# #
######.######.# #....# #
...........)..# ###### #
###...##########
###.##.......... ....#
.......... .####
..........#########
######..........@.......#
.....+.)......?)z.......####
.#####.....)...............#
.# ...............)..#
.##### .......#####.#....#
.....# ....... #.#....#
#.##.# ....:.. #.###########
##.#.# ####### #.#..........
# ##.# ##.#..........


You could see a wight.

Vanquished Creatures
  Prince Ribbit (D:6)
  Grinder (D:3)
  Sigmund (D:3)
  A vampire (D:6)
  Duvessa (D:6)
  2 water moccasins
  A black bear (D:6)
  3 ice beasts
  3 centaurs
  2 phantoms
  A kobold brigand (D:7)
  A scorpion (D:6)
  A wight (D:7)
  Dowan (D:6)
  An orc priest (D:5)
  A jelly (D:4)
  2 hounds
  An iguana (D:5)
  3 orc wizards (D:4)
  2 gnolls (D:3)
  5 adders
  3 white imps
  2 dart slugs
  2 ribbon worms
  14 orcs
  7 ball pythons
  8 bats
  5 endoplasms
  7 goblins
  6 hobgoblins
  4 jackals (D:1)
  10 kobolds
  5 quokkas
  3 frilled lizards
  5 rats
116 creatures vanquished.

Vanquished Creatures (collateral kills)
  An ogre (D:5)
  A gnoll (D:3)
  An endoplasm (D:3)
3 creatures vanquished.

Vanquished Creatures (others)
  An orc wizard (D:4)
  A gnoll (D:3)
2 creatures vanquished.

Grand Total: 121 creatures vanquished

Notes
Turn   | Place    | Note
-------+----------+-------------------------------------------
     0 | D:1      | petercordia3 the Draconian Artificer began the quest for
                  | the Orb.
     0 | D:1      | Reached XP level 1. HP: 16/16 MP: 1/1
   193 | D:1      | Reached skill level 2 in Fighting
   418 | D:1      | Reached XP level 2. HP: 25/25 MP: 2/2
   584 | D:1      | Reached skill level 3 in Fighting
   877 | D:2      | Reached XP level 3. HP: 31/31 MP: 3/3
  1324 | D:2      | Found a hide-covered altar of Uskayaw.
  1349 | D:2      | Reached skill level 4 in Fighting
  1884 | D:3      | Found a shimmering altar of Xom.
  1884 | D:3      | Found a shadowy altar of Dithmenos.
  1884 | D:3      | Found a sacrificial altar of Ru.
  1884 | D:3      | Found an ancient bone altar of Kikubaaqudgha.
  1899 | D:3      | Became a worshipper of Ru the Awakened
  1916 | D:3      | Reached XP level 4. HP: 40/40 MP: 4/4
  2178 | D:3      | Noticed Sigmund
  2523 | D:3      | Reached skill level 5 in Fighting
  2532 | D:3      | Noticed Grinder
  2561 | D:3      | Reached skill level 1 in Stealth
  2563 | D:3      | Paralysed by Grinder for 5 turns
  2568 | D:3      | Killed Grinder
  2782 | D:3      | Found a faded altar of an unknown god.
  2792 | D:3      | Prayed at the altar of an unknown god.
  2792 | D:3      | Fell from the grace of Ru
  2792 | D:3      | Became a worshipper of Trog the Wrathful
  2792 | D:3      | Reached * piety under Trog
  2901 | D:3      | Reached XP level 5. HP: 33/48 MP: 5/5
  2962 | D:3      | Found Data's Magic Scroll Shoppe.
  2965 | D:3      | Bought a scroll of identify for 24 gold pieces
  2965 | D:3      | Bought a scroll of blinking for 90 gold pieces
  3554 | D:4      | Reached XP level 6. HP: 54/57 MP: 6/6
  3593 | D:4      | Found a shimmering blue altar of Sif Muna.
  3934 | D:4      | Found a broken altar of Ashenzari.
  3938 | D:4      | Saw a vision of the Shoals and the Snake Pit.
  3938 | D:4      | Noticed a sea snake
  3938 | D:4      | Noticed a snapping turtle
  3938 | D:4      | Noticed a merfolk
  3938 | D:4      | Noticed a black mamba
  3938 | D:4      | Noticed a manticore
  3938 | D:4      | Noticed an anaconda
  3938 | D:4      | Noticed a snapping turtle
  3938 | D:4      | Noticed a black mamba
  3938 | D:4      | Noticed a manticore
  3938 | D:4      | Noticed a merfolk
  3938 | D:4      | Noticed a water nymph
  3938 | D:4      | Noticed a salamander
  3940 | D:4      | Noticed a black mamba
  3940 | D:4      | Noticed an anaconda
  3941 | D:4      | Noticed a black mamba
  4220 | D:5      | Entered Level 5 of the Dungeon
  4314 | D:5      | Found an ornate altar of the Wu Jian Council.
  4350 | D:5      | Reached skill level 6 in Fighting
  4409 | D:5      | Found a stormy altar of Qazlal.
  4418 | D:5      | Noticed a water moccasin
  4475 | D:5      | Reached ** piety under Trog
  4658 | D:5      | Your scales start taking on an icy white colour.
  4658 | D:5      | Reached XP level 7. HP: 64/64 MP: 7/7
  4658 | D:5      | Gained mutation: Your flesh is cold resistant. (rC+) [White
                  | Draconian growth]
  5309 | D:6      | Noticed Prince Ribbit
  5326 | D:6      | Killed Prince Ribbit
  5327 | D:6      | Reached skill level 7 in Fighting
  5571 | D:6      | Identified the +7 long sword "Tyxal" {venom, Fly Will++
                  | Str+2 Int-2}
  5807 | D:6      | Reached XP level 8. HP: 64/74 MP: 8/8
  5993 | D:5      | Reached skill level 8 in Fighting
  6037 | D:3      | Killed Sigmund
  6038 | D:3      | Reached skill level 5 in Evocations
  6221 | D:6      | Noticed Dowan
  6249 | D:6      | Killed Dowan
  6294 | D:6      | Noticed Duvessa
  6308 | D:6      | Killed Duvessa
  6909 | D:7      | Reached skill level 9 in Fighting
  6914 | D:7      | Reached XP level 9. HP: 62/83 MP: 9/9
  7157 | D:7      | Found a staircase to the Ecumenical Temple.
  7204 | D:7      | Reached skill level 5 in Stealth
  7216 | D:7      | Reached skill level 5 in Dodging
  7221 | D:7      | HP: 2/72 [wight/+4 scimitar (9)]
  7223 | D:7      | Mangled by a wight

Illustrated notes

Levels and vault maps discovered:
D:1:      minmay_arrival_diagonal_passages, layout_basic, st_stairs_10
D:2:      layout_basic, basic_altar, chequers_serial_rivers_micro_e,
          grunt_ministairs_13
D:3:      layout_loops_ring, chequers_temple_overflow_statue_of_worship,
          dreamdust_ecumenical_altar_hidden_monk_grotto, serial_shops,
          nicolae_shop_rolled_up, uniq_sigmund, uniq_grinder
D:4:      layout_loops_ring, grunt_ashenzari_visionary
          [grunt_ashenzari_visionary_shoals, grunt_ashenzari_visionary_snake],
          led_sif_book
D:5:      layout_rooms, mainiacjoe_overflow_boulevard,
          pdpol_wu_jian_five_deadly_venoms
D:6:      layout_basic, uniq_duvessa, uniq_prince_ribbit1
D:7:      layout_basic, fedhas_altar_3, minmay_temple_entry_antechambers,
          hangedman_abyss_or_decor_jellyfish_corner

Skill      XL: |  1  2  3  4  5  6  7  8  9 |
---------------+----------------------------+-----
Fighting       | 2 3 4 5 6 7 9 |  9.4
Stealth        | 1 2 3 4 5 |  5.1
Dodging        | 3 4 5 |  5.0
Evocations     | 4 5 |  5.8

Action                     |  1- 3 |  4- 6 |  7- 9 || total
---------------------------+-------+-------+-------++-------
  Melee: Club              |    20 |       |       ||    20
         Unarmed           |    34 |       |       ||    34
         Tailslap          |    28 |    14 |    22 ||    64
         Punch             |     1 |       |       ||     1
         Short sword       |   107 |       |       ||   107
         Dagger            |    15 |   155 |   121 ||   291
         Long sword        |       |       |    40 ||    40
   Fire: Sling             |       |    27 |       ||    27
 Invoke: Berserk           |       |       |     2 ||     2
         Trog's Hand       |       |       |     1 ||     1
Ability: Glacial Breath    |       |       |     2 ||     2
  Evoke: Wand              |       |     7 |     2 ||     9
    Use: Potion            |       |     1 |       ||     1
   Stab: Sleeping          |     3 |     4 |     4 ||    11
 Armour: Skin              |    82 |   140 |   136 ||   358
  Dodge: Dodged            |   101 |   107 |    87 ||   295
         Form:             |     1 |       |       ||     1
         Dragon            |     1 |       |       ||     1

Table legend: (Time is in decaauts)
 A = Elapsed time spent in this place.
 B = Non-inter-level travel time spent in this place.
 C = Inter-level travel time spent in this place.
 D = Time resting spent in this place.
 E = Time spent auto-exploring this place.
 F = Levels seen in this place.
 G = Mean time per level.
                   A        B        C        D        E       F      G
               +--------+--------+--------+--------+--------+-----+--------+
         Total |   7268 |   6612 |    656 |    597 |   4746 |   7 | 1038.3 |
       Dungeon |   7268 |   6612 |    656 |    597 |   4746 |   7 | 1038.3 |
               +--------+--------+--------+--------+--------+-----+--------+

Top non-repeatable levels by time:
     D:6: 1423 daAuts
     D:4: 1421 daAuts
     D:2: 1208 daAuts
     D:3: 1062 daAuts
     D:5: 951 daAuts
     D:1: 781 daAuts
     D:7: 419 daAuts
